TOP OF THE 1ST |
Culver City Extras batting - Pitching for La Crosse Loggers : LHP Ben Reyes
|
Pitching: LHP Ben Reyes
|
|
Batting: RHB Augusto Trevino
|
0-0: Ball 1-0: Swinging Strike 1-1: Foul Ball, location: 2F 1-2: Ball 2-2: Ball 3-2: Foul Ball, location: 2F 3-2: Foul Ball, location: 2F 3-2: Base on Balls
|
Batting: RHB Horace Johnson
|
0-0: Called Strike Augusto Trevino is caught stealing 2nd base 0-1: Foul Ball, location: 2F 0-2: Ball 1-2: Foul Ball, location: 2F 1-2: Fly out, F9 (Flyball, 89M)
|
Batting: LHB Richard Bell
|
0-0: Ball 1-0: Foul Ball, location: 2F 1-1: Foul Ball, location: 2F 1-2: Ball 2-2: Strikes out swinging
|
Top of the 1st over - 0 run(s), 0 hit(s), 0 error(s), 0 left on base; Culver City 0 - La Crosse 0 |
BOTTOM OF THE 1ST |
La Crosse Loggers batting - Pitching for Culver City Extras : RHP Bill Chase
|
Pitching: RHP Bill Chase
|
|
Batting: RHB Aurelio Cruz
|
0-0: Ball 1-0: Called Strike 1-1: Called Strike 1-2: Ball 2-2: Strikes out swinging
|
Batting: SHB José González
|
0-0: Ball 1-0: Called Strike 1-1: Called Strike 1-2: Foul Ball, location: 2F 1-2: SINGLE (Line Drive, 56D)
|
Batting: RHB Troy Reed
|
0-0: Called Strike 0-1: Ball 1-1: Called Strike 1-2: Ball 2-2: Strikes out swinging
|
Batting: RHB Danny Campbell
|
0-0: Ball 1-0: Called Strike 1-1: Ball 2-1: Swinging Strike 2-2: Ball José González steals 2nd base 3-2: Base on Balls
|
Batting: LHB Jeff Forsyth
|
0-0: Foul Ball, location: 2F 0-1: Swinging Strike 0-2: Ball 1-2: Strikes out swinging
|
Bottom of the 1st over - 0 run(s), 1 hit(s), 0 error(s), 2 left on base; Culver City 0 - La Crosse 0 |
TOP OF THE 2ND |
Culver City Extras batting - Pitching for La Crosse Loggers : LHP Ben Reyes
|
Batting: RHB Cooper Richard
|
0-0: Called Strike 0-1: Foul Ball, location: 2F 0-2: Reached on error, E8 (Flyball, 8LM)
|
Batting: RHB Bob Magee
|
0-0: Foul Ball, location: 2F 0-1: Fly out, F8 (Flyball, 8RS)
|
Batting: RHB Max Alexander
|
0-0: Ball 1-0: SINGLE (Line Drive, 6MD) Cooper Richard to second Runner from 2nd tries for 3rd, SAFE, no throw
|
Batting: RHB Ben Alexander
|
0-0: Ball 1-0: Ball 2-0: Ball 3-0: Called Strike 3-1: Base on Balls Max Alexander to second
|
Batting: RHB Shawn Gutiérrez
|
0-0: Ball 1-0: Foul Ball, location: 2F 1-1: Ball 2-1: Foul Ball, location: 2F 2-2: Grounds into double play, 5-4-3 (Groundball, 56)
|
Top of the 2nd over - 0 run(s), 1 hit(s), 1 error(s), 2 left on base; Culver City 0 - La Crosse 0 |
BOTTOM OF THE 2ND |
La Crosse Loggers batting - Pitching for Culver City Extras : RHP Bill Chase
|
Batting: RHB Júlio Sánchez
|
0-0: Fly out, F9 (Flyball, 9LS)
|
Batting: LHB Ralph Cobb
|
0-0: Ball 1-0: Ball 2-0: Foul Ball, location: 2F 2-1: Ball 3-1: Base on Balls
|
Batting: RHB Juan García
|
0-0: Called Strike 0-1: Ball 1-1: Fly out, F8 (Flyball, 8RM)
|
Batting: RHB Peter Bryant
|
0-0: Fly out, F9 (Flyball, 9S)
|
Bottom of the 2nd over - 0 run(s), 0 hit(s), 0 error(s), 1 left on base; Culver City 0 - La Crosse 0 |
TOP OF THE 3RD |
Culver City Extras batting - Pitching for La Crosse Loggers : LHP Ben Reyes
|
Batting: LHB Randy Wiggins
|
0-0: Called Strike 0-1: Ball 1-1: Foul Ball, location: 2F 1-2: Ball 2-2: SINGLE (Flyball, 8LS)
|
Batting: RHB Augusto Trevino
|
0-0: Ball Randy Wiggins steals 2nd base 1-0: Called Strike 1-1: Ball 2-1: Ground out U3 (Groundball, 34S) Randy Wiggins to third
|
Batting: RHB Horace Johnson
|
0-0: Swinging Strike 0-1: Ball 1-1: Swinging Strike 1-2: Strikes out swinging
|
Batting: LHB Richard Bell
|
0-0: Ball 1-0: Ball 2-0: Foul Ball, location: 2F 2-1: Ball 3-1: Swinging Strike 3-2: Foul Ball, location: 2F 3-2: Base on Balls
|
Batting: RHB Cooper Richard
|
0-0: Ball 1-0: Swinging Strike 1-1: Fielders Choice at 2nd, 5-4 (Groundball, 56)
|
Top of the 3rd over - 0 run(s), 1 hit(s), 0 error(s), 1 left on base; Culver City 0 - La Crosse 0 |
BOTTOM OF THE 3RD |
La Crosse Loggers batting - Pitching for Culver City Extras : RHP Bill Chase
|
Batting: RHB Aurelio Cruz
|
0-0: Ball 1-0: Foul Ball, location: 2F 1-1: Ball 2-1: Ball 3-1: Base on Balls
|
Batting: SHB José González
|
0-0: Ball 1-0: Ball 2-0: Ball 3-0: Called Strike 3-1: Base on Balls Aurelio Cruz to second
|
Batting: RHB Troy Reed
|
0-0: SINGLE (Groundball, 6MD) Aurelio Cruz to third José González to second Runner from 3rd tries for Home, throw and OUT! José González to third Troy Reed to second
|
Batting: RHB Danny Campbell
|
0-0: Ball 1-0: Called Strike 1-1: Foul Ball, location: 2F 1-2: Ball 2-2: Strikes out swinging
|
Batting: LHB Jeff Forsyth
|
0-0: Called Strike 0-1: Ball 1-1: Ball 2-1: Foul Ball, location: 2F 2-2: 3-RUN HOME RUN (Line Drive, 9LD), Distance : 352 ft
|
Batting: RHB Júlio Sánchez
|
0-0: Fly out, F9 (Flyball, 9LS)
|
Bottom of the 3rd over - 3 run(s), 2 hit(s), 0 error(s), 0 left on base; Culver City 0 - La Crosse 3 |
TOP OF THE 4TH |
Culver City Extras batting - Pitching for La Crosse Loggers : LHP Ben Reyes
|
Batting: RHB Bob Magee
|
0-0: Ball 1-0: Fly out, F9 (Flyball, 9)
|
Batting: RHB Max Alexander
|
0-0: Ball 1-0: Ball 2-0: Called Strike 2-1: Foul Ball, location: 2F 2-2: Ground out 6-3 (Groundball, 6M)
|
Batting: RHB Ben Alexander
|
0-0: Called Strike 0-1: Ball 1-1: Ball 2-1: Ball 3-1: Base on Balls
|
Batting: RHB Shawn Gutiérrez
|
0-0: Ball 1-0: Foul Ball, location: 2F 1-1: Ball 2-1: SINGLE (Groundball, 6MD) Ben Alexander to second
|
Batting: LHB Randy Wiggins
|
0-0: Ball 1-0: SINGLE (Groundball, 4MD) Ben Alexander to third Shawn Gutiérrez to second Runner from 3rd tries for Home, SAFE, throw made at trailing runner, OUT at third!
|
Top of the 4th over - 1 run(s), 2 hit(s), 0 error(s), 1 left on base; Culver City 1 - La Crosse 3 |
BOTTOM OF THE 4TH |
La Crosse Loggers batting - Pitching for Culver City Extras : RHP Bill Chase
|
Batting: LHB Ralph Cobb
|
0-0: Ball 1-0: Fly out, F4 (Popup, 4)
|
Batting: RHB Juan García
|
0-0: Ball 1-0: Fly out, F7 (Flyball, 78M)
|
Batting: RHB Peter Bryant
|
0-0: Called Strike 0-1: Ball 1-1: SINGLE (Groundball, 6) (infield hit)
|
Batting: RHB Aurelio Cruz
|
0-0: Foul Ball, location: 2F 0-1: Foul Ball, location: 2F 0-2: Fly out, F5 (Line Drive, 5)
|
Bottom of the 4th over - 0 run(s), 1 hit(s), 0 error(s), 1 left on base; Culver City 1 - La Crosse 3 |
TOP OF THE 5TH |
Culver City Extras batting - Pitching for La Crosse Loggers : LHP Ben Reyes
|
Batting: RHB Augusto Trevino
|
0-0: Ball 1-0: Foul Ball, location: 2F 1-1: Ball 2-1: Called Strike 2-2: Foul Ball, location: 2F 2-2: Fly out, F4 (Line Drive, 4)
|
Batting: RHB Horace Johnson
|
0-0: Ball 1-0: Swinging Strike 1-1: Foul Ball, location: 2F 1-2: Ball 2-2: Ball 3-2: Foul Ball, location: 2F 3-2: Fly out, F4 (Flyball, 34D)
|
Batting: LHB Richard Bell
|
0-0: Ball 1-0: Swinging Strike 1-1: Ball 2-1: Ball 3-1: Base on Balls
|
Batting: RHB Cooper Richard
|
0-0: Fly out, F5 (Line Drive, 56)
|
Top of the 5th over - 0 run(s), 0 hit(s), 0 error(s), 1 left on base; Culver City 1 - La Crosse 3 |
BOTTOM OF THE 5TH |
La Crosse Loggers batting - Pitching for Culver City Extras : RHP Bill Chase
|
Batting: SHB José González
|
0-0: Called Strike 0-1: Foul Ball, location: 2F 0-2: Foul Ball, location: 2F 0-2: Ball 1-2: Ball 2-2: Ground out 1-3 (Groundball, 13)
|
Batting: RHB Troy Reed
|
0-0: Called Strike 0-1: Ball 1-1: Ball 2-1: Ball 3-1: Base on Balls
|
Pitching: LHP Orlando Morales
|
|
Batting: RHB Danny Campbell
|
0-0: Ball 1-0: Called Strike 1-1: Called Strike 1-2: Foul Ball, location: 2F 1-2: Ball 2-2: Foul Ball, location: 2F 2-2: Ball 3-2: Base on Balls Troy Reed to second
|
Batting: LHB Jeff Forsyth
|
0-0: Ball 1-0: Fly out, F8 (Flyball, 8LS)
|
Batting: RHB Júlio Sánchez
|
0-0: Called Strike 0-1: Ball 1-1: Ball 2-1: Foul Ball, location: 2F 2-2: SINGLE (Groundball, 56D) Troy Reed to third Danny Campbell to second Runner from 3rd tries for Home, SAFE, no throw
|
Batting: LHB Ralph Cobb
|
0-0: Called Strike 0-1: Ball 1-1: Swinging Strike 1-2: SINGLE (Flyball, 6MD) Danny Campbell to third Júlio Sánchez to second Runner from 3rd tries for Home, SAFE, no throw
|
Batting: RHB Juan García
|
0-0: Ball 1-0: Fly out, F9 (Flyball, 89D)
|
Bottom of the 5th over - 2 run(s), 2 hit(s), 0 error(s), 2 left on base; Culver City 1 - La Crosse 5 |
TOP OF THE 6TH |
Culver City Extras batting - Pitching for La Crosse Loggers : LHP Ben Reyes
|
Pitching: RHP Willie Alexander
|
|
Batting: RHB Bob Magee
|
0-0: Swinging Strike 0-1: Called Strike 0-2: Foul Ball, location: 2F 0-2: Ball 1-2: Strikes out looking
|
Batting: RHB Max Alexander
|
0-0: Ball 1-0: SINGLE (Groundball, 6M) (infield hit)
|
Batting: RHB Ben Alexander
|
0-0: Fly out, F7 (Line Drive, 7)
|
Batting: RHB Shawn Gutiérrez
|
0-0: Called Strike 0-1: Called Strike 0-2: Strikes out swinging
|
Top of the 6th over - 0 run(s), 1 hit(s), 0 error(s), 1 left on base; Culver City 1 - La Crosse 5 |
BOTTOM OF THE 6TH |
La Crosse Loggers batting - Pitching for Culver City Extras : LHP Orlando Morales
|
Batting: RHB Peter Bryant
|
0-0: Ball 1-0: Ball 2-0: Ball 3-0: Base on Balls
|
Batting: RHB Aurelio Cruz
|
0-0: Ball 1-0: Ball 2-0: Called Strike 2-1: Called Strike 2-2: Ball 3-2: SINGLE (Groundball, 34S) (infield hit) Peter Bryant to second
|
Batting: SHB José González
|
0-0: Fly out, F9 (Line Drive, 89M)
|
Batting: RHB Troy Reed
|
0-0: Called Strike 0-1: Ball 1-1: Ball 2-1: Fly out, F8 (Flyball, 8LM)
|
Batting: RHB Danny Campbell
|
0-0: Called Strike 0-1: Ball 1-1: Fly out, F9 (Flyball, 9LS)
|
Bottom of the 6th over - 0 run(s), 1 hit(s), 0 error(s), 2 left on base; Culver City 1 - La Crosse 5 |
TOP OF THE 7TH |
Culver City Extras batting - Pitching for La Crosse Loggers : RHP Willie Alexander
|
Batting: LHB Randy Wiggins
|
0-0: Ball 1-0: Fly out, F3 (Line Drive, 3)
|
Batting: RHB Augusto Trevino
|
0-0: Foul Ball, location: 2F 0-1: Foul Ball, location: 2F 0-2: Ball 1-2: Ball 2-2: Ball 3-2: Fly out, F9 (Flyball, 89S)
|
Batting: RHB Horace Johnson
|
0-0: Called Strike 0-1: Ball 1-1: Fly out, F9 (Line Drive, 9)
|
Top of the 7th over - 0 run(s), 0 hit(s), 0 error(s), 0 left on base; Culver City 1 - La Crosse 5 |
BOTTOM OF THE 7TH |
La Crosse Loggers batting - Pitching for Culver City Extras : LHP Orlando Morales
|
Batting: LHB Jeff Forsyth
|
0-0: Ball 1-0: Ball 2-0: Ball 3-0: Called Strike 3-1: Ground out 1-3 (Groundball, 15S)
|
Pitching: LHP Jesús Morán
|
|
Batting: RHB Júlio Sánchez
|
0-0: Ball 1-0: Ball 2-0: Ball 3-0: Called Strike 3-1: Foul Ball, location: 2F 3-2: Base on Balls
|
Batting: LHB Ralph Cobb
|
0-0: Called Strike 0-1: Foul Ball, location: 2F 0-2: Foul Ball, location: 2F 0-2: Strikes out looking
|
Batting: RHB Juan García
|
0-0: SINGLE (Line Drive, 6) Júlio Sánchez to second
|
Batting: RHB Peter Bryant
|
0-0: Foul Ball, location: 2F 0-1: Ball 1-1: Ball 2-1: Foul Ball, location: 2F 2-2: 3-RUN HOME RUN (Flyball, 7D), Distance : 368 ft
|
Pitching: RHP Tyler Kirkland
|
|
Batting: RHB Aurelio Cruz
|
0-0: Ball 1-0: Foul Ball, location: 2F 1-1: Fly out, F8 (Flyball, 8RD)
|
Bottom of the 7th over - 3 run(s), 2 hit(s), 0 error(s), 0 left on base; Culver City 1 - La Crosse 8 |
TOP OF THE 8TH |
Culver City Extras batting - Pitching for La Crosse Loggers : RHP Willie Alexander
|
Batting: LHB Richard Bell
|
0-0: Ball 1-0: Ball 2-0: Ball 3-0: Base on Balls
|
Batting: RHB Cooper Richard
|
0-0: Called Strike 0-1: Fly out, F8 (Flyball, 78M)
|
Batting: RHB Bob Magee
|
0-0: Ball 1-0: Called Strike 1-1: Foul Ball, location: 2F 1-2: Ball 2-2: 2-RUN HOME RUN (Flyball, 7D), Distance : 355 ft
|
Pitching: RHP Ray Adams
|
|
Batting: RHB Max Alexander
|
0-0: Called Strike 0-1: Fly out, F8 (Flyball, 8RM)
|
Batting: RHB Ben Alexander
|
0-0: Ball 1-0: SINGLE (Groundball, 4MD)
|
Batting: RHB Shawn Gutiérrez
|
0-0: Ball 1-0: Ball 2-0: SINGLE (Line Drive, 7LS) Ben Alexander to second
|
Batting: LHB Randy Wiggins
|
0-0: Ball 1-0: Ball 2-0: Ball 3-0: Called Strike 3-1: Base on Balls Ben Alexander to third Shawn Gutiérrez to second
|
Batting: RHB Augusto Trevino
|
0-0: Foul Ball, location: 2F 0-1: Ball 1-1: GRAND SLAM HOME RUN (Flyball, 89XD), Distance : 395 ft
|
Pitching: LHP Pablo Solíz
|
|
Batting: RHB Horace Johnson
|
0-0: Foul Ball, location: 2F 0-1: Ball 1-1: Ball 2-1: Ball 3-1: Fly out, F9 (Flyball, 9S)
|
Top of the 8th over - 6 run(s), 4 hit(s), 0 error(s), 0 left on base; Culver City 7 - La Crosse 8 |
BOTTOM OF THE 8TH |
La Crosse Loggers batting - Pitching for Culver City Extras : RHP Tyler Kirkland
|
Batting: SHB José González
|
0-0: Ball 1-0: Ball 2-0: Called Strike 2-1: SINGLE (Line Drive, 4MD)
|
Batting: RHB Troy Reed
|
0-0: Ball José González steals 2nd base 1-0: Called Strike 1-1: Ball 2-1: Foul Ball, location: 2F 2-2: Strikes out swinging
|
Batting: RHB Danny Campbell
|
0-0: Ball 1-0: Swinging Strike 1-1: Ball 2-1: Ball 3-1: Base on Balls
|
Pitching: LHP Cliff Williams
|
|
Batting: LHB Jeff Forsyth
|
0-0: Called Strike José González steals 3rd base Danny Campbell to second 0-1: Swinging Strike 0-2: Ball 1-2: Foul Ball, location: 2F 1-2: Ball 2-2: Foul Ball, location: 2F 2-2: DOUBLE (Line Drive, 8RXD) José González scores Danny Campbell scores
|
Batting: RHB Júlio Sánchez
|
0-0: Intentional Walk
|
Pitching: LHP Sebastián Cervantes
|
|
Batting: LHB Ralph Cobb
|
0-0: Fly out, F6 (Popup, 6)
|
Batting: RHB Juan García
|
0-0: Foul Ball, location: 2F 0-1: Foul Ball, location: 2F 0-2: Strikes out swinging
|
Bottom of the 8th over - 2 run(s), 2 hit(s), 0 error(s), 2 left on base; Culver City 7 - La Crosse 10 |
TOP OF THE 9TH |
Culver City Extras batting - Pitching for La Crosse Loggers : LHP Pablo Solíz
|
Pitching: RHP Derrick Hall
|
|
Batting: LHB Richard Bell
|
0-0: Called Strike 0-1: Ball 1-1: SINGLE (Groundball, 3D)
|
Batting: RHB Cooper Richard
|
0-0: Ball 1-0: Ball 2-0: Ball 3-0: Base on Balls Richard Bell to second
|
Pinch Hitting: RHB Tony Cruz
|
0-0: Foul Ball, location: 2F 0-1: Ball 1-1: Ball 2-1: Ball 3-1: Base on Balls Richard Bell to third Cooper Richard to second
|
Batting: RHB Max Alexander
|
0-0: Ball 1-0: Swinging Strike 1-1: Ball 2-1: Foul Ball, location: 2F 2-2: SINGLE (Groundball, 6MD) Richard Bell scores Cooper Richard to third Tony Cruz to second
|
Batting: RHB Ben Alexander
|
0-0: Ball 1-0: Foul Ball, location: 2F 1-1: Fielders Choice at 2nd, 3-6 (Groundball, 34) Cooper Richard scores Tony Cruz to third
|
Pinch Hitting: RHB Jesús Lara
|
0-0: Swinging Strike 0-1: Ball 1-1: Ground out 5-3 (Groundball, 56) Ben Alexander to second
|
Batting: LHB Randy Wiggins
|
0-0: Ball 1-0: Ball 2-0: DOUBLE (Line Drive, 9LD) Tony Cruz scores Ben Alexander scores
|
Batting: RHB Augusto Trevino
|
0-0: Called Strike 0-1: Ball 1-1: Swinging Strike 1-2: Ball 2-2: Foul Ball, location: 2F 2-2: Ball 3-2: SINGLE (Line Drive, 9LS) Randy Wiggins to third Randy Wiggins scores
|
Batting: RHB Horace Johnson
|
0-0: Called Strike Augusto Trevino is caught stealing 2nd base
|
Top of the 9th over - 5 run(s), 4 hit(s), 0 error(s), 0 left on base; Culver City 12 - La Crosse 10 |
BOTTOM OF THE 9TH |
La Crosse Loggers batting - Pitching for Culver City Extras : LHP Sebastián Cervantes
|
Pitching: LHP Henry Brown
|
|
Now at C: Pancho Reyna
|
|
Now at 3B: Artie Pennington
|
|
Batting: RHB Peter Bryant
|
0-0: Ball 1-0: Ground out 1-3 (Groundball, 13S)
|
Batting: RHB Aurelio Cruz
|
0-0: Fly out, F8 (Flyball, 8RM)
|
Batting: SHB José González
|
0-0: Swinging Strike 0-1: Ball 1-1: Called Strike 1-2: Fly out, F6 (Popup, 6D)
|
Bottom of the 9th over - 0 run(s), 0 hit(s), 0 error(s), 0 left on base; Culver City 12 - La Crosse 10 |
|